 Dungeon Crawl Stone Soup version 0.30-a0-622-gddc90eaa04 (webtiles) character file.

Game seed: 1714378920423754060

104 testman the Thaumaturge (level 4, -6/34 HPs)
             Began as a Gnoll Wanderer on Jan 10, 2023.
             Killed by divine providence
             ... invoked by an orc priest
              (12 damage)
             ... on level 3 of the Dungeon.
             The game lasted 00:06:56 (2362 turns).

testman the Thaumaturge (Gnoll Wanderer)            Turns: 2362, Time: 00:06:57

Health: -6/34      AC:  6    Str: 16    XL:     4   Next: 80%
Magic:  10/17      EV: 11    Int: 12    God:
Gold:   117        SH:  0    Dex: 11    Spells: 24/25 levels left

rFire   + + +      SeeInvis .    a - +0 dagger
rCold   + . .      Faith    .    (no shield)
rNeg    . . .      Spirit   .    m - +3 leather armour "Qydih" {rF+++ Str+5 Int-2}
rPois   .          Reflect  .    (no helmet)
rElec   .          Harm     .    (no cloak)
rCorr   .          Rampage  .    (no gloves)
Will    .....                    (no boots)
Stlth   +                        (no amulet)
HPRegen 0.25/turn                h - ring of protection from cold
MPRegen 0.15/turn                (no ring)

@: no status effects
A: fangs 1, strong nose, distributed training
a: no special abilities


You were on level 3 of the Dungeon.
You visited 1 branch of the dungeon, and saw 3 of its levels.

You collected 117 gold pieces.

Inventory:

Hand Weapons
 a - a +0 dagger (weapon)
Armour
 c - a +0 scale mail
 m - the +3 leather armour "Qydih" (worn) {rF+++ Str+5 Int-2}
   (You found it on level 2 of the Dungeon)

   Str:       It affects your strength (+5).
   Int:       It affects your intelligence (-2).
   rF:        It renders you almost immune to fire.
Jewellery
 h - a ring of protection from cold (left hand)
Scrolls
 b - 2 scrolls of blinking
 d - a scroll of teleportation {unknown}
 e - 3 scrolls of enchant armour {unknown}
 f - 3 scrolls of identify {unknown}
 g - a scroll of fear {unknown}
 k - a scroll of poison {unknown}
 l - a scroll of amnesia {unknown}
 n - a scroll of brand weapon {unknown}
Potions
 i - a potion of might {unknown}
 j - a potion of brilliance {unknown}
 o - a potion of heal wounds {unknown}
 p - a potion of flight {unknown}


   Skills:
 + Level 2.8 Fighting
 + Level 1.3 Short Blades
 + Level 1.3 Long Blades
 + Level 1.3 Axes
 + Level 1.3 Maces & Flails
 + Level 1.3 Polearms
 + Level 1.3 Staves
 + Level 1.3 Ranged Weapons
 + Level 1.3 Throwing
 + Level 4.7 Armour
 + Level 1.3 Dodging
 + Level 1.3 Stealth
 + Level 1.3 Shields
 + Level 1.3 Unarmed Combat
 + Level 11.4 Spellcasting
 + Level 1.0 Conjurations
 + Level 1.0 Hexes
 + Level 1.0 Summonings
 + Level 1.0 Necromancy
 + Level 1.0 Translocations
 + Level 1.0 Transmutations
 + Level 1.0 Fire Magic
 + Level 1.0 Ice Magic
 + Level 1.0 Air Magic
 + Level 1.0 Earth Magic
 + Level 3.9 Poison Magic
 + Level 1.4 Invocations
 + Level 1.3 Evocations


You had 24 spell levels left.
You knew the following spells:

 Your Spells              Type           Power      Damage    Failure   Level
a - Sting                 Tmut/Pois      48%        1d5       4%          1

Your spell library contained the following spells:

 Spells                   Type           Power      Damage    Failure   Level
 Beastly Appendage        Tmut           18%        N/A       8%          1
 Cigotuvi's Dreadful Rot  Necr/Pois/Air  22%        N/A       9%          2
 Ignite Poison            Fire/Tmut/Pois 11%        N/A       16%         3
 Mephitic Cloud           Conj/Pois/Air  11%        N/A       16%         3
 Fireball                 Conj/Fire      4%         3d4       91%         5
 Iskenderun's Battlesphe  Conj           9%         2d6       91%         5
 Conjure Ball Lightning   Conj/Air       4%         3x3d6     100%        6
 Orb of Destruction       Conj           4%         9d5       100%        7


Dungeon Overview and Level Annotations

Branches:
Dungeon (3/15)

Altars:


Innate Abilities, Weirdness & Mutations

You have very sharp teeth.
Your uncanny sense of smell can sniff out nearby items.
Your experience applies equally to all skills.


Message History

Aiming: Sting (safe; 4% risk of failure)
Press: ? - help, Q - select action Shift-Dir - straight line, f/p - orc
Aim: an orc, wielding a +0 flail and wearing a +0 chain mail (79% to hit)
The sting misses the orc.
The sting hits the orc but does no damage.
The orc is poisoned.
The orc barely misses you.
Aiming: Sting (safe; 4% risk of failure)
Press: ? - help, Q - select action Shift-Dir - straight line, f/p - orc
Aim: an orc, wielding a +0 flail and wearing a +0 chain mail (moderately wounded, poisoned, 79% to hit)
The sting hits the orc.
The orc is poisoned.
You kill the orc!
Aiming: Sting (safe; 4% risk of failure)
Press: ? - help, Q - select action Shift-Dir - straight line, f - orc priest, p - orc
Aim: an orc priest, wielding a +0 short sword (71% to hit)
The sting hits the orc but does no damage.
The orc looks even sicker.
The orc is moderately wounded.
The orc hits you with a +0 flail.
* * * LOW HITPOINT WARNING * * *
The orc priest miscasts a cantrip.
The orc priest miscasts a cantrip.
The orc priest attacks as you move away!
The orc priest closely misses you.
The orc priest looks satisfied for a moment.
You feel a bit more experienced.
Aiming: Sting (safe; 4% risk of failure)
Press: ? - help, Q - select action Shift-Dir - straight line, f/p - orc priest
Aim: an orc priest, wielding a +0 short sword (71% to hit)
The sting hits the orc priest.
The orc priest is poisoned.
The orc priest is lightly wounded.
The orc priest hits you with a +0 short sword.
* * * LOW HITPOINT WARNING * * *
The orc priest attacks as you move away!
The orc priest hits you with a +0 short sword.
* * * LOW HITPOINT WARNING * * *
The orc priest casts a cantrip, but nothing happens.
The orc priest invokes the aid of Beogh against you.
Beogh smites you!
You die...

####### ......#
.o######### #####.#
..oooo..o.## #.#
..#######.o# #.#
#############o#
#.###.#.#...#.#.#o#
#.#...#.).#.@.#o).#
#...#..)#.#.#.oo#.#
###.#...#.#.#...#.#
#...#.).#...#...#
#.#.#.#...#.#.###
#.############# #.#
#.# #.#


You could see 2 orc priests.

Vanquished Creatures
  Terence (D:2)
  An adder (D:3)
  2 dart slugs (D:1)
  7 orcs (D:3)
  3 ball pythons
  5 endoplasms
  4 giant cockroaches
  6 goblins
  3 hobgoblins
  3 jackals (D:2)
  A quokka (D:3)
  4 bats
  4 frilled lizards
  2 kobolds
  8 rats
54 creatures vanquished.

Notes
Turn   | Place    | Note
-------+----------+-------------------------------------------
     0 | D:1      | Reached skill level 11 in Spellcasting
     0 | D:1      | testman the Gnoll Wanderer began the quest for the Orb.
     0 | D:1      | testman set off with the following items: a +0 dagger, a
                  | scroll of blinking, a +0 scale mail; and the following
                  | spells available to memorise: Sting, Cigotuvi's Dreadful
                  | Rot, Beastly Appendage, Ignite Poison, Mephitic Cloud.
     0 | D:1      | Reached XP level 1. HP: 17/17 MP: 12/12
     2 | D:1      | Learned a level 1 spell: Sting
   206 | D:1      | Reached XP level 2. HP: 23/23 MP: 14/14
   633 | D:1      | Reached XP level 3. HP: 28/28 MP: 13/15
   924 | D:2      | Reached skill level 1 in Invocations
  1688 | D:2      | Noticed Terence
  1705 | D:2      | Killed Terence
  1706 | D:2      | Reached skill level 1 in Short Blades
  1706 | D:2      | Reached skill level 1 in Long Blades
  1706 | D:2      | Reached skill level 1 in Axes
  1706 | D:2      | Reached skill level 1 in Maces & Flails
  1706 | D:2      | Reached skill level 1 in Polearms
  1706 | D:2      | Reached skill level 1 in Staves
  1706 | D:2      | Reached skill level 1 in Ranged Weapons
  1706 | D:2      | Reached skill level 1 in Throwing
  1706 | D:2      | Reached skill level 1 in Dodging
  1706 | D:2      | Reached skill level 1 in Stealth
  1706 | D:2      | Reached skill level 1 in Shields
  1706 | D:2      | Reached skill level 1 in Unarmed Combat
  1706 | D:2      | Reached skill level 1 in Evocations
  1706 | D:2      | Reached XP level 4. HP: 21/34 MP: 12/17
  1851 | D:2      | Identified the +3 leather armour "Qydih" {rF+++ Str+5
                  | Int-2}
  2055 | D:3      | Reached skill level 1 in Conjurations
  2055 | D:3      | Reached skill level 1 in Hexes
  2055 | D:3      | Reached skill level 1 in Summonings
  2055 | D:3      | Reached skill level 1 in Necromancy
  2055 | D:3      | Reached skill level 1 in Translocations
  2055 | D:3      | Reached skill level 1 in Transmutations
  2055 | D:3      | Reached skill level 1 in Fire Magic
  2055 | D:3      | Reached skill level 1 in Ice Magic
  2055 | D:3      | Reached skill level 1 in Air Magic
  2055 | D:3      | Reached skill level 1 in Earth Magic
  2362 | D:3      | Killed from afar by an orc priest

Illustrated notes

Levels and vault maps discovered:
D:1:      saegor_arrival_simple_a, layout_basic, hangedman_decor_opposing,
          minmay_hexomino_f4
D:2:      layout_basic, dk_noncrumbling_4, uniq_terence
D:3:      layout_loops_ring, minmay_misc_feat_alley

Skill      XL: |  1  2  3  4 |
---------------+-------------+-----
Spellcasting   | | 11.4
Invocations    | 1 |  1.4
Short Blades   | 1 |  1.3
Long Blades    | 1 |  1.3
Axes           | 1 |  1.3
Maces & Flails | 1 |  1.3
Polearms       | 1 |  1.3
Staves         | 1 |  1.3
Ranged Weapons | 1 |  1.3
Throwing       | 1 |  1.3
Dodging        | 1 |  1.3
Stealth        | 1 |  1.3
Shields        | 1 |  1.3
Unarmed Combat | 1 |  1.3
Evocations     | 1 |  1.3
Conjurations   | 1 |  1.0
Hexes          | 1 |  1.0
Summonings     | 1 |  1.0
Necromancy     | 1 |  1.0
Translocations | 1 |  1.0
Transmutations | 1 |  1.0
Fire Magic     | 1 |  1.0
Ice Magic      | 1 |  1.0
Air Magic      | 1 |  1.0
Earth Magic    | 1 |  1.0
Fighting       | |  2.8
Armour         | |  4.7
Poison Magic   | |  3.9

Action                   |  1- 3 |  4- 6 || total
-------------------------+-------+-------++-------
Melee: Dagger            |   123 |    46 ||   169
       Bite              |    11 |     5 ||    16
       Punch             |     1 |     1 ||     2
 Cast: Sting             |    28 |    25 ||    53
Armor: Scale mail        |    77 |    20 ||    97
       Leather armour    |       |     2 ||     2
Dodge: Dodged            |    70 |    27 ||    97

Table legend: (Time is in decaauts)
 A = Elapsed time spent in this place.
 B = Non-inter-level travel time spent in this place.
 C = Inter-level travel time spent in this place.
 D = Time resting spent in this place.
 E = Time spent auto-exploring this place.
 F = Levels seen in this place.
 G = Mean time per level.
                   A        B        C        D        E       F      G
               +--------+--------+--------+--------+--------+-----+--------+
         Total |   2356 |   2262 |     94 |      3 |   1862 |   3 |  785.3 |
       Dungeon |   2356 |   2262 |     94 |      3 |   1862 |   3 |  785.3 |
               +--------+--------+--------+--------+--------+-----+--------+

Top non-repeatable levels by time:
     D:2: 1077 daAuts
     D:1: 892 daAuts
     D:3: 387 daAuts
